Map: Clair de lune fanatique EC (Void)

Players

AgCl - Winner!

  • Race: Protoss Protoss
  • League: Silver

Kaelith

  • Race: Zerg Zerg
  • League: Grandmaster

VOD

Have the link to the VOD?

Description

Time

  • Played on: July 14, 2015, 4:59 a.m.
  • Length: 9:03
Show
View Real Time Build Order
Export as new Build Order

AgCl Protoss - Winner!

Build Orders: Oracle Opening, Carrier Rush 

Get SALT Encoding   

  12  0:13  Pylon  
  12  0:21  Probe  
  13  0:33  Probe  
  14  0:42  Gateway  
  14  0:45  Probe  
  15  0:57  Probe  
  16  1:09  Probe  
  17  1:23  Assimilator  
  17  1:28  Assimilator  
  17  1:29  Cybernetics Core  
  17  1:31  Probe (Chrono Boost), Pylon  
  18  1:41  Probe (Chrono Boost)  
  18  1:43  Zealot (Chrono Boost)  
  21  1:48  Probe (Chrono Boost)  
  22  2:00  Probe (Chrono Boost)  
  23  2:06  Probe (Chrono Boost)  
  24  2:10  Warp Gate  
  24  2:22  Nexus  
  24  2:23  Probe (Chrono Boost)  
  25  2:35  Probe (Chrono Boost)  
  26  2:39  Stargate  
  26  2:41  Probe (Chrono Boost)  
  27  2:53  Probe (Chrono Boost)  
  28  3:05  Mothership Core (Chrono Boost)  
  28  3:12  Pylon  
  29  3:29  Probe, Pylon  
  29  3:32  Oracle (Chrono Boost)  
  32  3:36  Probe (Chrono Boost)  
  32  3:40  Assimilator  
  33  3:44  Probe (Chrono Boost), Assimilator  
  33  3:48  Probe (Chrono Boost)  
  36  3:57  Probe (Chrono Boost)  
  36  3:58  Fleet Beacon  
  36  4:00  Probe (Chrono Boost)  
  37  4:09  Probe (Chrono Boost)  
  38  4:10  Probe (Chrono Boost)  
  39  4:21  Probe x2 (Chrono Boost)  
  41  4:29  Probe (Chrono Boost)  
  43  4:36  Void Ray (Chrono Boost)  
  43  4:38  Probe x2 (Chrono Boost)  
  48  4:49  Probe (Chrono Boost)  
  48  4:52  Graviton Catapult  
  50  4:53  Probe (Chrono Boost)  
  50  4:57  Carrier (Chrono Boost)  
  51  5:03  Probe (Chrono Boost)  
  51  5:04  Probe (Chrono Boost)  
  52  5:14  Probe (Chrono Boost)  
  53  5:18  Probe (Chrono Boost), Pylon  
  60  5:29  Pylon  
  60  5:30  Pylon  
  60  5:31  Protoss Air Weapons Level 1  
  60  5:36  Probe (Chrono Boost)  
  60  5:37  Probe (Chrono Boost), Forge  
  62  5:44  Stargate  
  62  5:47  Probe  
  64  5:55  Gateway  
  63  5:57  Gateway, Carrier (Chrono Boost)  
  63  5:58  Gateway  
  69  6:12  Probe  
  69  6:18  Adept  
  72  6:29  Carrier (Chrono Boost)  
  72  6:39  Adept  
  75  6:48  Probe  
  76  6:57  Carrier (Chrono Boost)  
  68  7:16  Adept x4  
  68  7:20  Probe  
  68  7:21  Probe  
  84  7:23  Pylon  
  84  7:30  Carrier (Chrono Boost)  
  84  7:41  Probe x2  
  92  8:05  Probe x2  
  92  8:06  Pylon  
  92  8:24  Probe x2  
  100  8:34  Pylon  
  100  8:35  Cybernetics Core  
  100  8:38  Cybernetics Core  
  100  8:39  Probe  
Show
View Real Time Build Order
Export as new Build Order

Kaelith Zerg 

Build Orders: Hatch First 

Get SALT Encoding   

  12  0:08  Overlord  
  12  0:12  Drone  
  13  0:17  Drone  
  14  0:26  Drone  
  15  0:30  Drone  
  16  0:41  Drone  
  17  0:58  Hatchery  
  16  1:12  Spawning Pool  
  16  1:13  Drone  
  16  1:29  Drone x3  
  19  1:35  Extractor  
  18  1:40  Overlord  
  18  1:57  Drone  
  18  1:59  Queen  
  21  2:11  Drone x2, Roach Warren  
  22  2:16  Queen  
  22  2:22  Drone x2  
  26  2:37  Drone x3  
  28  2:43  Overlord  
  29  2:55  Roach x2  
  31  3:03  Drone  
  32  3:11  Roach x2  
  32  3:12  Roach x2  
  40  3:15  Drone  
  40  3:17  Drone  
  42  3:23  Overlord  
  42  3:28  Drone x2, Extractor  
  43  3:37  Overlord  
  43  3:43  Lair  
  43  3:48  Drone x2  
  45  3:49  Drone  
  45  3:51  Drone  
  45  3:54  Drone  
  48  3:55  Drone  
  49  4:03  Drone x2  
  49  4:04  Drone  
  49  4:06  Drone  
  53  4:19  Drone x4  
  53  4:20  Drone x2  
  53  4:22  Extractor  
  58  4:24  Extractor  
  58  4:26  Overlord  
  50  4:54  Spore Crawler  
  50  5:00  Drone x7, Spore Crawler  
  50  5:01  Drone x2  
  57  5:10  Queen  
  59  5:17  Hydralisk Den  
  58  5:27  Drone x2  
  58  5:28  Drone x4  
  64  5:40  Lurker Den  
  64  5:44  Overlord x4  
  64  5:56  Overlord x2  
  64  6:13  Spore Crawler, Roach x2  
  64  6:14  Roach x2  
  70  6:36  Hydralisk x5  
  70  6:37  Hydralisk x5  
  88  6:53  Hydralisk x4  
  94  7:00  Queen  
  94  7:09  Hydralisk x2  
  92  7:18  Hydralisk  
  92  7:19  Hydralisk x4  
  102  7:23  Queen  
  104  7:33  Spore Crawler  
  104  7:36  Spore Crawler  
  82  7:53  Hydralisk x2  
  82  7:54  Hydralisk x4  
  82  8:08  Hydralisk x2  
  80  8:18  Hydralisk x2  
  74  8:36  Hydralisk x2  
Tags
 
Add a new tag
Caveats
  • Supply blocks, unpowered buildings, or Contaminate may cause inaccurate times.
  • Supply counts are checked every 10 seconds.